 Dungeon Crawl Stone Soup version 0.21-a0-450-gd87a9b2 (webtiles) character file.

19 Laiders the Shield-Bearer (level 2, 0/24 HPs)
             Began as a Formicid Fighter on Nov 19, 2017.
             Succumbed to a goblin's poison
             ... on level 2 of the Dungeon.
             The game lasted 00:03:07 (962 turns).

Laiders the Shield-Bearer (Formicid Fighter)         Turns: 962, Time: 00:03:07

Health: 0/24       AC:  8    Str: 20    XL:     2   Next: 95%
Magic:  2/2        EV:  7    Int:  7    God:
Gold:   142        SH:  9    Dex: 10    Spells: 1/1 levels left

rFire    + . .     SeeInvis +   a - +0 flail
rCold    . . .     Gourm    .   c - +0 shield
rNeg     . . .     Faith    .   b - +0 scale mail
rPois    .         Spirit   .   (helmet unavailable)
rElec    .         Reflect  .   i - +0 cloak
rCorr    .         Harm     .   (no gloves)
MR       .....                  (no boots)
Stlth    ..........             (no amulet)
HPRegen  0.08/turn              e - ring of protection from fire
MPRegen  0.08/turn              (no ring)

@: lethally poisoned (0 -> -42)
A: permanent stasis, dig shafts and tunnels, four strong arms, antennae 3
a: Dig, Shaft Self


You were on level 2 of the Dungeon.
You were not hungry.

You visited 1 branch of the dungeon, and saw 2 of its levels.

You collected 142 gold pieces.

Inventory:

Hand Weapons
 a - a +0 flail (weapon)
Armour
 b - a +0 scale mail (worn)
 c - a +0 shield (worn)
 i - a +0 cloak (worn)
Jewellery
 e - a ring of protection from fire (left hand)
Scrolls
 h - a scroll of identify
 j - a scroll of enchant armour {unknown}
 k - a scroll of remove curse {unknown}
Potions
 d - a potion of might
Comestibles
 f - 2 bread rations
 g - 2 royal jellies


   Skills:
 - Level 3.2 Fighting
 + Level 3.2 Maces & Flails
 - Level 3.2 Armour
 - Level 3.6 Shields


You had one spell level left.
You didn't know any spells.

Dungeon Overview and Level Annotations

Branches:
Dungeon (2/15)

Altars:


Innate Abilities, Weirdness & Mutations

You cannot be hasted, slowed, berserked, paralysed or teleported.
You can dig through walls and to a lower floor.
Your four strong arms can wield two-handed weapons with a shield.
You have a pair of large antennae on your head. (SInv)


Message History

You block the goblin's attack.
You closely miss the goblin.
You feel very sick. The goblin barely misses you.
You hit the goblin.
The goblin is heavily wounded.
You feel sick. The goblin hits you but does no damage.
You are more poisoned.
You closely miss the goblin.
The goblin is heavily wounded.
* * * LOW HITPOINT WARNING * * *
You feel very sick.
The goblin hits you with a dagger of venom.
* * * LOW HITPOINT WARNING * * *
You are more poisoned.
You block the goblin's attack.
Okay, then.
You hit the goblin but do no damage.
The goblin is heavily wounded.
You die...

##...##..#..........
#.....#..#######....
#.###)#..# ... #.
#.#..# . # #.#..#
#.#..# ###'#..#
#......# #$@)...#
#.g........
#...%......
#....?....?
.........$.
##........##
#........#
+........#


You could see a goblin.

Vanquished Creatures
  A dart slug (D:1)
  A giant cockroach (D:1)
  5 goblins
  6 kobolds
  2 bats (D:1)
  3 rats (D:1)
18 creatures vanquished.

Notes
Turn   | Place    | Note
-------+----------+-------------------------------------------
     0 | D:1      | Laiders the Formicid Fighter began the quest for the Orb.
     0 | D:1      | Reached XP level 1. HP: 18/18 MP: 1/1
   207 | D:1      | Reached XP level 2. HP: 24/24 MP: 2/2
   962 | D:2      | Succumbed to a goblin's poison

Vault maps used:
D:1:      lightli_arrival_noodles, serial_glass, glass_columns_b,
          glass_columns_a
D:2:      cheibrodos_fertilizer, uniq_natasha

Skill      XL: |  1  2 |
---------------+-------+-----
Maces & Flails | 3 |  3.2
Fighting       | |  3.2
Armour         | |  3.2
Shields        | |  3.6

Action                   || total
-------------------------++-------
Melee: Flail             ||    63
  Use: Scroll            ||     1
Armor: Scale mail        ||    27
Dodge: Dodged            ||    21
Block: Shield            ||    38

Table legend:
 A = Spawn XP
 B = Non-spawn XP
 C = Spawn XP percentage of total XP
 D = Spawn monster count
 E = Non-spawn monster count
 F = Spawn count percentage of total count
 G = Total turns spent on level
                    A         B        C        D         E        F      G
               +---------+---------+-------+---------+---------+-------+---------
         Total |       0 |      28 |   0.0 |       0 |      18 |   0.0 |   962
               +---------+---------+-------+---------+---------+-------+---------
           D:1 |       0 |      22 |   0.0 |       0 |      15 |   0.0 |   923
           D:2 |       0 |       6 |   0.0 |       0 |       3 |   0.0 |    39
               +---------+---------+-------+---------+---------+-------+---------
